 Dungeon Crawl Stone Soup version 0.23-a0-269-g65e0026 (webtiles) character file.

29 Irenicus the Digger (level 3, 28/28 HPs)
             Began as a Deep Dwarf Earth Elementalist on Sept 30, 2018.
             Got out of the dungeon alive.
             The game lasted 00:04:40 (722 turns).

Irenicus the Digger (Deep Dwarf Earth Elementalist)  Turns: 722, Time: 00:04:40

Health: 28/28      AC:  2    Str: 11    XL:     3   Next: 1%
Magic:  5/5        EV: 12    Int: 16    God:
Gold:   0          SH:  0    Dex: 13    Spells: 3/6 levels left

rFire    . . .     SeeInvis .   e - +1 short sword (freeze)
rCold    . . .     Gourm    .   (no shield)
rNeg     . . .     Faith    .   c - +0 robe
rPois    .         Spirit   .   (no helmet)
rElec    .         Reflect  .   (no cloak)
rCorr    .         Harm     .   (no gloves)
MR       .....                  (no boots)
Stlth    +++.......             (no amulet)
HPRegen  0.00/turn              a - ring of stealth {Stlth+}
MPRegen  0.09/turn              (no ring)

@: non-regenerating
A: damage resistance, heal wounds, sense surroundings 1, no regeneration
a: Heal Wounds


You escaped.
You were not hungry.

You visited 1 branch of the dungeon, and saw 1 of its levels.

Inventory:

Hand Weapons
 e - a +1 short sword of freezing (weapon)
   (You took it off a kobold on level 1 of the Dungeon)
Missiles
 b - 35 stones (quivered)
Armour
 c - a +0 robe (worn)
Jewellery
 a - a ring of stealth (left hand) {Stlth+}
   (You found it on level 1 of the Dungeon)
Potions
 f - 3 potions of lignification {!q}
 h - a potion of curing {unknown}
Comestibles
 d - 2 rations


   Skills:
 - Level 2.1 Dodging
 + Level 3.2 Stealth
 - Level 2.0 Spellcasting
 - Level 0.8 Transmutations
 + Level 5.0 Earth Magic


You had 3 spell levels left.
You knew the following spells:

 Your Spells              Type           Power        Failure   Level  Hunger
a - Sandblast             Erth           ###...       2%          1    #......
b - Passwall              Tmut/Erth      ##......     10%         2    ###....

Your spell library contained the following spells:

 Spells                   Type           Power        Failure   Level  Hunger
 Stone Arrow              Conj/Erth      #.....       22%         3    ###....
 Petrify                  Tmut/Erth      ##......     52%         4    #####..
 Lee's Rapid Deconstruct  Erth           ###.......   58%         5    ######.


Dungeon Overview and Level Annotations

Branches:
Dungeon (1/15)

Altars:


Innate Abilities, Weirdness & Mutations

You are resistant to damage.
You can heal yourself by infusing magical energy.
You passively map a small area around you.
You do not regenerate.


Message History

f - 3 red potions (gained 2)
You see here a bubbling puce potion.
h - a bubbling puce potion Memorise Passwall, consuming 2 spell levels and leaving 2?
You start memorising the spell.
You continue memorising. x2
You finish memorising.
Spell assigned to 'w'.
Adjust (i)tems, (s)pells, or (a)bilities?
Adjust which spell? w - Passwall Adjust to which letter? b - Passwall A rock wall.
You begin to meditate on the wall.
You continue meditating on the rock. x2
You finish merging with the rock.
You now have 2/4 mp.
You see here 22 arrows.
MP restored: 4 A rock wall.
You begin to meditate on the wall.
You continue meditating on the rock. x2
You finish merging with the rock.
A hobgoblin comes into view.
You now have 2/4 mp.
The helpless hobgoblin fails to defend itself.
You puncture the hobgoblin! You freeze the hobgoblin.
You kill the hobgoblin!
Your Earth Magic skill increases to level 5!
You see here a scroll labeled CEKKIUDONN.
As you read the scroll labeled CEKKIUDONN, it crumbles to dust.
You feel strangely unstable.
It was a scroll of teleportation.
Your surroundings suddenly seem different.
Okay, then.
As you read the scroll labeled CEUD NICVOTSI, it crumbles to dust.
You feel blessed for a moment.
It was a scroll of remove curse.
MP restored: 4 A kobold comes into view.
It is wielding a short sword.
The kobold shouts!
The kobold throws a stone.
The stone hits you but does no damage.
You see here a stone.
The kobold throws a stone.
The stone closely misses you.
Aim: a kobold, wielding a short sword The blast of sand hits the kobold.
You kill the kobold!
b - 36 stones You now have 3/4 mp.
You see here a stone.
b - 37 stones (gained 1)
You see here a stone.
b - 38 stones (gained 1)
Things that are here:
a short sword; a stone; a kobold corpse MP restored: 4 You see here a ration.
d - 2 rations (gained 1)
Found a stone staircase leading down.
A rock wall.
You begin to meditate on the wall.
You continue meditating on the rock. x2
You finish merging with the rock.
You now have 2/4 mp.
A bat comes into view.
You can't see any susceptible monsters within range! (Use Z to cast anyway.) Unknown command.
Aim: a bat (resting)
The blast of sand hits the bat.
You kill the bat!
You have reached level 3!
Your experience leads to an increase in your attributes!
Increase (S)trength, (I)ntelligence, or (D)exterity?
You feel clever.
b - 37 stones Health restored: 28 You now have 2/5 mp.
You see here a scroll labeled MUITOBR GAEWOI.
As you read the scroll labeled MUITOBR GAEWOI, it crumbles to dust.
It is a scroll of amnesia.
Okay, then.
Unknown command.
You see here a scroll labeled GEKIGY PYOLUN.
As you read the scroll labeled GEKIGY PYOLUN, it crumbles to dust.
It is a scroll of identify.
f - 3 potions of lignification
Found a stone staircase leading down.
MP restored: 5 You open the door.
There is an open door here.
There is an open door here.
A rat comes into view.
Okay, then.
Aim: a rat The blast of sand hits the rat.
b - 36 stones You now have 4/5 mp.
Aim: a rat (severely wounded)
The blast of sand hits the rat.
You kill the rat!
b - 35 stones You now have 3/5 mp.
There is a staircase leading out of the dungeon here.
MP restored: 5 Are you sure you want to leave the Dungeon?
This will make you lose the game!
You have escaped!

..÷......................#.######
##...(.#.#...#...##.#.#..#.......
..........>..######.#....#######.
##.....#.#...# #.#..#..#######
#.#.....#...######..............
#.#...................#(.#######
##+#............................#
.......#.#####.#####.#..##.####.#
.......#.#...#.#@..#.#..##.# #.#
.......###.###.###.###..##.## #..
)..........#.....#......##..#####
.......###.###.###.###..###......
.......#.*...#.#...#.#..# #..####
..†....#.#####.#####.#..# #..#
.......#.......(.....#..# #..#
#####..###.#######.###..# #..#
...##....#.#, #.#....# ##.#


There were no monsters in sight!

Vanquished Creatures
  An ooze (D:1)
  A dart slug (D:1)
  3 bats (D:1)
  A giant cockroach (D:1)
  4 hobgoblins (D:1)
  5 kobolds (D:1)
  A frilled lizard (D:1)
  2 goblins (D:1)
  2 rats (D:1)
20 creatures vanquished.

Notes
Turn   | Place    | Note
-------+----------+-------------------------------------------
     0 | D:1      | Irenicus the Deep Dwarf Earth Elementalist began the quest
                  | for the Orb.
     0 | D:1      | Reached XP level 1. HP: 15/15 MP: 3/3
    82 | D:1      | Reached skill level 2 in Spellcasting
   261 | D:1      | Reached XP level 2. HP: 14/22 MP: 3/5
   343 | D:1      | Reached skill level 3 in Stealth
   472 | D:1      | Learned a level 2 spell: Passwall
   517 | D:1      | Reached skill level 5 in Earth Magic
   617 | D:1      | Reached XP level 3. HP: 28/28 MP: 2/5
   722 | D:$      | Got out of the dungeon alive.

Vault maps used:
D:1:      evilmike_arrival_hilbert_curve, serial_curves, eino_curves_04,
          eino_curves_03, patterned_corridor

Skill      XL: |  1  2 |
---------------+-------+-----
Spellcasting   | 2 |  2.0
Stealth        | 3 |  3.2
Earth Magic    | 5 |  5.0
Dodging        | |  2.1
Transmutations | |  0.8

Action                   || total
-------------------------++-------
Melee: Club              ||     7
       Short sword       ||    13
       Unarmed           ||     1
 Cast: Sandblast         ||    19
       Passwall          ||     3
 Abil: Heal Wounds       ||     2
  Use: Scroll            ||     4
 Stab: Sleeping          ||     6
Armor: Robe              ||     7
Dodge: Dodged            ||    21

Table legend:
 A = Non-vault XP
 B = Vault XP
 C = Vault XP percentage of total XP
 D = Non-vault monster count
 E = Vault monster count
 F = Vault count percentage of total count
                 A         B        C        D         E       F
            +---------+---------+-------+---------+---------+-------
      Total |      42 |       0 |   0.0 |      20 |       0 |   0.0
            +---------+---------+-------+---------+---------+-------
        D:1 |      42 |       0 |   0.0 |      20 |       0 |   0.0
            +---------+---------+-------+---------+---------+-------

Vault maps used:
D:1:      evilmike_arrival_hilbert_curve, serial_curves, eino_curves_04,
          eino_curves_03, patterned_corridor

Table legend:
 A = Turns spent in this place as a percentage of turns spent in the entire game.
 B = Non-inter-level travel turns spent in this place as a percentage of non-inter-level travel turns spent in the entire game.
 C = Inter-level travel turns spent in this place as a percentage of turns spent in this place.
 D = Turns resting spent in this place as a percentage of non-inter-level travel turns spent in this place.
 E = Turns spent auto-exploring this place as a percentage of non-inter-level travel turns spent in this place.
 F = Non-inter-level travel turns spent in this place divided by the number of levels of this place that you've seen.
                   A       B       C       D       E      F
               +-------+-------+-------+-------+-------+----------------------
         Total | 100.0 | 100.0 |   4.3 |   0.0 |   0.0 | 691.0
       Dungeon | 100.0 | 100.0 |   4.3 |   0.0 |   0.0 | 691.0
               +-------+-------+-------+-------+-------+----------------------

Table legend:
 A = Kills in this place as a percentage of kills in entire the game.
 B = Kills by you in this place as a percentage of kills by you in the entire game.
 C = Kills by friends in this place as a percentage of kills by friends in the entire game.
 D = Other kills in this place as a percentage of other kills in the entire game.
 E = Experience gained in this place as a percentage of experience gained in the entire game.
 F = Experience gained in this place divided by the number of levels of this place that you have seen.
                   A       B       C       D       E      F
               +-------+-------+-------+-------+-------+----------------------
         Total | 100.0 | 100.0 |   N/A |   N/A | 100.0 |  42.0
       Dungeon | 100.0 | 100.0 |   N/A |   N/A | 100.0 |  42.0
               +-------+-------+-------+-------+-------+----------------------
